 Dungeon Crawl Stone Soup version 0.30.0-29-ga12c61a403 (webtiles) character file.

Game seed: 16298057854961267631

35485 seaoflcl the Cleaver (level 13, 0/118 HPs)
             Began as a Minotaur Fighter on June 9, 2023.
             Was a High Priest of Okawaru.
             Succumbed to Sonja's poison
             ... on level 4 of the Lair of Beasts.
             The game lasted 00:46:00 (18826 turns).

seaoflcl the Cleaver (Minotaur Fighter)            Turns: 18826, Time: 00:46:00

Health: 0/118      AC: 23    Str: 27    XL:     13   Next: 47%
Magic:  10/12      EV:  9    Int:  1    God:    Okawaru [*****.]
Gold:   1207       SH: 18    Dex:  9    Spells: 12/12 levels left

rFire   + + .        X - +1 broad axe (drain)
rCold   x . .        J - +0 kite shield
rNeg    . . .        x - +0 plate armour
rPois   .            U - +0 hat
rElec   +            k - scarf of Okawaru's Benevolence {shadows, Drain rElec Will+}
rCorr   +            o - +1 pair of gloves
SInv    .            w - +1 pair of boots
Will    +....        t - amulet of reflection Stlth
                     O - ring of fire
HPRegen 0.39/turn    S - ring "Dusynire" {Fly rElec rF+ rCorr Int-4}
MPRegen 0.13/turn

%: reflection
@: lethally poisoned (0 -> -21), heroic, flying, invisible
A: horns 2, retaliatory headbutt
a: Renounce Religion, Heroism, Finesse, Duel


You were on level 4 of the Lair of Beasts.
You worshipped Okawaru.
Okawaru was extremely pleased with you.
You visited 3 branches of the dungeon, and saw 16 of its levels.
You also visited: Sewer, Bailey and Volcano.

You collected 1207 gold pieces.

Inventory:

Hand Weapons
 a - a +2 heavy hand axe
 s - a +2 dire flail of flaming
 L - a +2 scimitar of protection
 N - a +6 antimagic dire flail
 X - a +1 broad axe of draining (weapon)
Missiles
 u - 79 poisoned darts
 y - 16 boomerangs (quivered)
 C - 15 curare-tipped darts
 D - 10 atropa-tipped darts
 I - 7 silver javelins
 V - 3 datura-tipped darts
Armour
 k - the scarf of Okawaru's Benevolence (worn) {shadows, Drain rElec Will+}
   (Okawaru gifted it to you on level 1 of the Lair of Beasts)

   rElec:     It insulates you from electricity.
   Drain:     It drains your maximum health when unequipped.
   Will:      It increases your willpower.
 o - a +1 pair of gloves (worn)
 w - a +1 pair of boots (worn)
 x - a +0 plate armour (worn)
 J - a +0 kite shield (worn)
 U - a +0 hat (worn)
Jewellery
 n - a +5 ring of evasion
 t - an amulet of reflection (around neck)
 O - a ring of fire (left hand)
 S - the ring "Dusynire" (right hand) {Fly rElec rF+ rCorr Int-4}
   (You found it in a bailey)

   [ring of flight]

   Int:       It affects your intelligence (-4).
   rF:        It protects you from fire.
   rElec:     It insulates you from electricity.
   Fly:       It grants you flight.
   rCorr:     It protects you from acid and corrosion.
 T - the macabre finger necklace {Finger+ rN+}
   (You took it off an orc warrior in a bailey)

   [amulet of nothing]

   Finger+:   It enables you to equip an extra ring.
   rN:        It protects you from negative energy.
 W - an amulet of regeneration
Wands
 p - a wand of quicksilver (12)
 F - a wand of digging (6)
 H - a wand of polymorph (20)
 R - a wand of paralysis (8)
 Y - a wand of mindburst (12)
 Z - a wand of roots (4)
Scrolls
 c - a scroll of magic mapping
 e - 5 scrolls of enchant armour
 j - 3 scrolls of blinking
 q - 3 scrolls of fear
 E - 2 scrolls of fog
 G - 2 scrolls of teleportation
 K - a scroll of brand weapon {unknown}
 P - a scroll of enchant weapon {unknown}
 Q - a scroll of poison {unknown}
Potions
 d - 3 potions of might
 f - 3 potions of haste
 g - a potion of ambrosia {unknown}
 h - a potion of flight {unknown}
 i - 3 potions of lignification
 m - 3 potions of cancellation
 r - a potion of curing
 v - 3 potions of berserk rage
 A - a potion of attraction {unknown}
 B - 3 potions of resistance


   Skills:
 + Level 12.2(17.2) Fighting
 + Level 10.8(15.8) Long Blades
 + Level 12.4(17.4) Axes
 + Level 9.8(14.8) Throwing
 + Level 11.9(16.9) Armour
 + Level 12.1(17.1) Shields


You had 12 spell levels left.
You didn't know any spells.
Your spell library contained the following spells:

 Spells                   Type           Power      Damage    Failure   Level
 Apportation              Tloc           0%         N/A       99%         1
 Beastly Appendage        Tmut           0%         N/A       99%         1
 Slow                     Hex            0%         N/A       99%         1
 Cigotuvi's Dreadful Rot  Necr/Pois/Air  0%         N/A       100%        2
 Static Discharge         Conj/Air       0%         2-2/arc   100%        2
 Wereblood                Tmut           0%         N/A       100%        2
 Confusing Touch          Hex            0%         N/A       100%        3
 Hailstorm                Conj/Ice       0%         3d3       100%        3
 Ignite Poison            Fire/Tmut/Pois 0%         N/A       100%        3
 Ozocubu's Armour         Ice            0%         N/A       100%        3
 Spider Form              Tmut/Pois      0%         N/A       100%        3
 Stone Arrow              Conj/Erth      0%         3d7       100%        3
 Vampiric Draining        Necr           0%         2d6       100%        3
 Vhi's Electric Charge    Tloc/Air       0%         N/A       100%        3
 Airstrike                Air            0%         2d(0-16)  100%        4
 Ice Form                 Ice/Tmut       0%         N/A       100%        4
 Passage of Golubria      Tloc           0%         N/A       100%        4
 Alistair's Intoxication  Tmut/Pois      0%         N/A       100%        5
 Arcjolt                  Conj/Air       0%         1d10      100%        5
 Freezing Cloud           Conj/Ice/Air   0%         6-21      100%        5
 Yara's Violent Unravell  Hex/Tmut       0%         3d3       100%        5
 Plasma Beam              Fire/Air       0%         2x1d11    100%        6
 Ozocubu's Refrigeration  Ice            0%         4d7       100%        7
 Lehudib's Crystal Spear  Conj/Erth      0%         10d2      100%        8
 Tukima's Dance           Hex            Unusable   N/A       N/A         3
 Animate Armour           Summ/Erth      Unusable   N/A       N/A         4
 Summon Lightning Spire   Summ/Air       Unusable   N/A       N/A         4
 Simulacrum               Ice/Necr       Unusable   N/A       N/A         6

Dungeon Overview and Level Annotations

Branches:
Dungeon (11/15)            Temple (1/1) D:4            Lair (4/5) D:9
 Shoals (0/4) Lair:2        Snake (0/4) Lair:3        Sewer (visited)
 Bailey (visited)         Volcano (visited)
  Slime: Lair:4-5       Orc: D:9-12

Altars:
Ashenzari
Cheibriados
Dithmenos
Elyvilon
Fedhas
Gozag
Hepliaklqana
Kikubaaqudgha
Makhleb
Nemelex Xobeh
Okawaru
Qazlal
Ru
Sif Muna
Trog
Uskayaw
Vehumet
Wu Jian
Xom
Yredelemnul
Zin
The Shining One

Annotations:
Lair:4 exclusion: oklob plant, Sonja


Innate Abilities, Weirdness & Mutations

You have a pair of horns on your head.
You reflexively headbutt those who attack you in melee.


Message History

You kill the cane toad!
Okawaru accepts your kill.
You slash the plant!
The plant begins to die.
You drain the plant. You barely miss Sonja. Your headbutt misses Sonja.
Sonja is severely wounded.
You hit the plant. You drain the plant.
You feel yourself speed up.
You block Sonja's attack. x2; Sonja hits you but does no damage.
You are poisoned.
You block Sonja's attack. Sonja hits you but does no damage.
You are more poisoned.
Sonja hits you but does no damage.
You are lethally poisoned!
You feel better.
A nearby plant withers and dies.
Sonja hits you with a +0 short sword of venom!
* * * LOW HITPOINT WARNING * * *
You are poisoned.
You block Sonja's attack. x2
You gain the combat prowess of a mighty hero.
You feel very sick. Sonja hits you but does no damage. Sonja barely misses you.
You block Sonja's attack. Sonja hits you but does no damage.
You are lethally poisoned!
You block Sonja's attack. Sonja hits you but does no damage.
You are more poisoned.
You completely miss Sonja. Your headbutt misses Sonja.
Sonja is severely wounded.
* * * LOW HITPOINT WARNING * * *
You feel extremely sick. You block Sonja's attack. Sonja barely misses you.
You block Sonja's attack.
Unknown command.
You miss Sonja. Your headbutt misses Sonja.
Sonja is severely wounded.
* * * LOW HITPOINT WARNING * * *
You feel very sick.
Sonja casts a spell.
Sonja blinks!
It was a potion of invisibility.
You fade into invisibility!
You die...
P

..P P P# #
##.# P P#
##.##P.####
PP.#
..........
P..#
#..#...#
P#P#
#....##
P♣P#
###...#
#.♣#
####§..##
...#
.#..@....#
...#
#........##
♣♣.#
#....##K..#
PP♣#
##..####.##
P#P#
#.#..#..#
###


PP# .........# .... #P# ........##P..## ### #.#..#........ ..# #......###....
You could see Sonja (unable to see you).

Vanquished Creatures
  Gastronok (Lair:3)
  Kirke (Lair:4)
  3 two-headed ogres (D:9)
  A tengu warrior (D:11)
  A boulder beetle (D:10)
  6 death yaks (Lair:4)
  Urug (D:10)
  2 skeletal warriors (Volcano)
  An orc knight (Bailey)
  A deep elf pyromancer (D:7)
  A wolf spider (Lair:3)
  4 gargoyles
  3 black mambas
  Maggie (D:6)
  5 cane toads
  A rime drake (Lair:3)
  4 kobold demonologists (D:11)
  5 komodo dragons
  A troll (D:11)
  A polar bear (Lair:2)
  2 harpy skeletons (Volcano)
  15 blink frogs
  Sigmund (D:4)
  2 wraiths (D:11)
  3 flying skulls (Volcano)
  20 yaks
  A shadow (D:10)
  2 hogs (Lair:4)
  A basilisk (D:9)
  13 wyverns
  Eustachio (D:4)
  3 humans (Lair:4)
  A hog (shapeshifter) (D:10)
  4 vampire mosquitoes
  A steam dragon (D:10)
  A naga (Lair:3)
  2 acid dragons
  10 water moccasins
  Duvessa (D:5)
  5 orc warriors
  2 ogres
  6 centaurs
  18 wolves (Lair:3)
  15 kobold brigands
  11 bullfrogs
  3 scorpions
  Dowan (D:5)
  3 wights (D:8)
  A troll skeleton (Volcano)
  A spriggan skeleton (Volcano)
  3 hounds
  2 jellies
  3 orc priests
  5 iguanas
  5 hell rats (Lair:3)
  7 orc wizards
  A naga skeleton (Volcano)
  Robin (D:4)
  7 gnolls
  5 adders
  2 shadow imps
  3 white imps
  2 worms
  5 dart slugs
  34 orcs
  7 ball pythons
  10 endoplasms
  2 giant cockroaches
  14 goblins
  6 hobgoblins
  3 jackals (D:1)
  3 quokkas
  7 bats
  5 frilled lizards
  32 kobolds
  6 rats
374 creatures vanquished.

Notes
Turn   | Place    | Note
-------+----------+-------------------------------------------
     0 | D:1      | seaoflcl the Minotaur Fighter began the quest for the Orb.
     0 | D:1      | Reached XP level 1. HP: 19/19 MP: 0/0
   200 | D:1      | Reached XP level 2. HP: 27/27 MP: 1/1
   715 | D:2      | Reached XP level 3. HP: 15/33 MP: 2/2
  1445 | D:3      | Reached XP level 4. HP: 40/40 MP: 3/3
  1451 | D:3      | Found a faded altar of an unknown god.
  1614 | D:3      | Reached skill level 1 in Throwing
  2112 | D:4      | Found a staircase to the Ecumenical Temple.
  2225 | Temple   | Entered the Ecumenical Temple
  2546 | D:4      | Noticed Eustachio
  2567 | D:4      | Killed Eustachio
  2568 | D:4      | Reached XP level 5. HP: 47/47 MP: 4/4
  2673 | D:4      | Noticed Robin
  2682 | D:4      | Reached XP level 6. HP: 52/53 MP: 5/5
  2694 | D:4      | Reached skill level 5 in Axes
  2704 | D:4      | Killed Robin
  3420 | D:4      | Noticed Sigmund
  3432 | D:4      | Killed Sigmund
  3433 | D:4      | Reached skill level 5 in Fighting
  3433 | D:4      | Reached skill level 5 in Armour
  3433 | D:4      | Reached skill level 5 in Shields
  3920 | D:5      | Entered Level 5 of the Dungeon
  3966 | D:5      | Reached XP level 7. HP: 61/61 MP: 6/6
  3972 | D:5      | Noticed Duvessa
  4010 | D:5      | Found a stormy altar of Qazlal.
  4011 | D:5      | Found a burning altar of Makhleb.
  4013 | D:5      | Found a hide-covered altar of Uskayaw.
  4013 | D:5      | Found an iron altar of Okawaru.
  4014 | D:5      | Found a snail-covered altar of Cheibriados.
  4014 | D:5      | Found a sparkling altar of Nemelex Xobeh.
  4014 | D:5      | Found a shimmering altar of Xom.
  4014 | D:5      | Found a bloodstained altar of Trog.
  4014 | D:5      | Noticed Dowan
  4049 | D:5      | Found a glowing drain.
  4059 | Sewer    | Entered a sewer
  4665 | D:5      | Killed Duvessa
  4673 | D:5      | Killed Dowan
  4674 | D:5      | Reached XP level 8. HP: 68/70 MP: 7/7
  4755 | D:5      | Became a worshipper of Warmaster Okawaru
  5569 | D:6      | Reached skill level 1 in Long Blades
  5602 | D:6      | Noticed Maggie
  5620 | D:6      | Killed Maggie
  5876 | D:6      | Reached * piety under Okawaru
  6309 | D:7      | Reached XP level 9. HP: 78/78 MP: 8/8
  6431 | D:7      | Noticed a deep elf pyromancer
  6440 | D:7      | Killed a deep elf pyromancer
  6440 | D:7      | Reached ** piety under Okawaru
  6536 | D:7      | Found a glowing golden altar of the Shining One.
  6747 | D:7      | Reached skill level 5 in Long Blades
  6747 | D:7      | Reached skill level 5 in Throwing
  6865 | D:8      | Reached *** piety under Okawaru
  7003 | D:8      | Found a flagged portal.
  7012 | Bailey   | Entered a bailey
  7128 | Bailey   | Identified the ring "Dusynire" {Fly rElec rF+ rCorr Int-4}
  7129 | Bailey   | Noticed an orc knight
  7149 | Bailey   | Killed an orc knight
  7150 | Bailey   | Reached XP level 10. HP: 23/88 MP: 9/9
  7455 | Bailey   | Found a burning altar of Makhleb.
  7884 | D:8      | Reached **** piety under Okawaru
  8310 | D:9      | Noticed a two-headed ogre
  8321 | D:9      | Killed a two-headed ogre
  8540 | D:9      | Noticed a two-headed ogre
  8550 | D:9      | Killed a two-headed ogre
  8550 | D:9      | Reached ***** piety under Okawaru
  9070 | D:9      | Noticed a two-headed ogre
  9082 | D:9      | Killed a two-headed ogre
  9222 | D:9      | Reached XP level 11. HP: 97/97 MP: 10/10
  9281 | D:9      | Found a staircase to the Lair.
  9847 | D:10     | Entered Level 10 of the Dungeon
  9856 | D:9      | Received a gift from Okawaru
 10115 | D:10     | Received a gift from Okawaru
 10116 | D:10     | Reached skill level 10 in Axes
 10331 | D:10     | Noticed Urug
 10346 | D:10     | Killed Urug
 10346 | D:10     | Received a gift from Okawaru
 10692 | D:10     | Found a shadowy altar of Dithmenos.
 11143 | D:11     | Reached skill level 10 in Fighting
 11231 | D:11     | Noticed a sixfirhy
 11240 | D:11     | Noticed a sixfirhy
 11556 | D:11     | Identified the +2 ring mail of Midsummer {rCorr}
 11556 | D:11     | Noticed a boulder beetle
 11558 | D:11     | Noticed a tengu warrior
 11566 | D:11     | Reached skill level 10 in Shields
 11571 | D:11     | Killed a tengu warrior
 11572 | D:11     | Reached skill level 10 in Armour
 11582 | D:11     | Noticed a boulder beetle
 11600 | D:10     | Killed a boulder beetle
 11600 | D:10     | Received a gift from Okawaru
 11600 | D:10     | Reached ****** piety under Okawaru
 12054 | Lair:1   | Entered Level 1 of the Lair of Beasts
 12057 | Lair:1   | Identified the scarf of Okawaru's Benevolence {shadows,
                  | Drain rElec Will+} (Okawaru gifted it to you on level 1 of
                  | the Lair of Beasts)
 12057 | Lair:1   | Received a gift from Okawaru
 12077 | Lair:1   | Reached XP level 12. HP: 97/107 MP: 11/11
 12257 | Lair:1   | Found a dark tunnel.
 12268 | Volcano  | Entered a volcano
 14906 | Lair:2   | Received a gift from Okawaru
 15501 | Lair:2   | Found a staircase to the Shoals.
 16303 | Lair:3   | Reached skill level 10 in Long Blades
 16434 | Lair:3   | Found a staircase to the Snake Pit.
 16522 | Lair:3   | Received a gift from Okawaru
 16886 | Lair:3   | Noticed Gastronok
 16928 | Lair:3   | Killed Gastronok
 16929 | Lair:3   | Reached XP level 13. HP: 51/117 MP: 12/12
 18355 | Lair:4   | Received a gift from Okawaru
 18509 | Lair:4   | Noticed Kirke
 18519 | Lair:4   | Received a gift from Okawaru
 18522 | Lair:4   | Killed Kirke
 18609 | Lair:4   | Found a blossoming altar of Fedhas.
 18797 | Lair:4   | Noticed Sonja
 18816 | Lair:4   | HP: 4/118 [poisoned by a cane toad]
 18826 | Lair:4   | Succumbed to Sonja's poison

Illustrated notes

Levels and vault maps discovered:
D:1:      sevenhm_arrival_forest_fort_large_2, layout_rooms, hex_medium
D:2:      layout_rooms
D:3:      layout_loops_ring, hellmonk_ecumenical_altar_run_dry,
          dk_noncrumbling_3
D:4:      layout_basic, minmay_temple_entry_purple_smoke,
          kennysheep_small_spiral, minmay_diced_spiral, uniq_eustachio,
          uniq_robin, uniq_sigmund
D:5:      layout_basic, grunt_temple_overflow_open, cheibrodos_sewer_entry_bend,
          corexii_leaking_fountain, amcnicky_mini_corridor_feature, uniq_duvessa
D:6:      layout_basic, grunt_ministairs_7, uniq_maggie
D:7:      layout_rooms, tso_oasis_becter, guppyfry_early_elven_hall
D:8:      layout_cave_pools, enter_bailey_1, kb_lookout_dungeons_type,
          st_stairs_12
D:9:      layout_irregular_city, minmay_lair_entry_grove,
          kennysheep_orc_monster_closet_entryway
D:10:     layout_long_grid, grunt_dithmenos_smoke, uniq_urug
D:11:     minmay_complete_graph, layout_stronghold, uniq_fannar
Temple:   nicolae_temple_slightly_damp_pantheon
Lair:1:   layout_layer_cave, nicolae_volcano_entry_lava_flow
Lair:2:   layout_regular_city, minmay_shoals_entry_centaurs,
          serial_bayou_shore_a, grunt_megastairs_3
Lair:3:   layout_long_grid, guppyfry_snake_entry_island,
          nicolae_lair_run_with_the_wolves, uniq_gastronok
Lair:4:   layout_loops_ring, minmay_slime_entry_pillars, tgw_fedhas, uniq_sonja,
          uniq_kirke

Skill      XL: |  1  2  3  4  5  6  7  8  9 10 11 12 13 |
---------------+----------------------------------------+-----
Axes           | 3 4 5 7 8 9 10 11 12 | 12.4
Fighting       | 4 5 6 8 9 10 11 12 | 12.2
Armour         | 4 5 6 7 9 10 11 | 11.9
Shields        | 4 5 6 8 9 10 11 12 | 12.1
Throwing       | 1 2 3 4 5 6 8 9 |  9.8
Long Blades    | 4 5 7 8 10 | 10.8

Action                     |  1- 3 |  4- 6 |  7- 9 | 10-12 | 13-15 || total
---------------------------+-------+-------+-------+-------+-------++-------
  Melee: War axe           |    87 |    92 |   278 |   197 |       ||   654
         Headbutt          |     9 |    12 |    44 |   106 |    31 ||   202
         Unarmed           |       |       |    37 |       |       ||    37
         Broad axe         |       |       |       |   410 |   145 ||   555
  Throw: Dart              |       |     9 |     8 |    31 |       ||    48
         Boomerang         |       |       |     5 |     2 |     6 ||    13
         Javelin           |       |       |       |    17 |       ||    17
 Invoke: Heroism           |       |       |       |     3 |     1 ||     4
         Finesse           |       |       |       |     1 |       ||     1
  Evoke: Wand              |       |       |       |       |     1 ||     1
    Use: Scroll            |       |     3 |     4 |    10 |     4 ||    21
         Potion            |       |       |     1 |     8 |     6 ||    15
 Armour: Scale mail        |    25 |       |       |       |       ||    25
         Ring mail         |    10 |       |       |       |       ||    10
         Plate armour      |       |    60 |   133 |   305 |    65 ||   563
         Skin              |       |       |     3 |       |       ||     3
  Dodge: Dodged            |    47 |    41 |   156 |   224 |    28 ||   496
  Block: Buckler           |    17 |    21 |    30 |       |       ||    68
         Kite shield       |       |       |    73 |   419 |   147 ||   639
         Reflection        |       |       |       |     2 |     4 ||     6
